 Dungeon Sprint DCSS version 0.27.1 (webtiles) character file.

Game seed: 11247009814260771120

6913 styxcanada the Imperceptible (level 10, -27/82 HPs)
             Began as a Spriggan Brigand on Aug 22, 2021.
             Was an Initiate of Gozag.
             Annihilated by a spriggan berserker (28 damage)
             ... in the Dungeon (Sprint IV: "Fedhas' Mad Dash").
             The game lasted 00:10:59 (1314 turns).

styxcanada the Imperceptible (Spriggan Brigand)     Turns: 1314, Time: 00:11:00

Health: -27/82     AC:  6    Str:  7    XL:     10   Next: 79%
Magic:  10/11      EV: 25    Int: 12    God:    Gozag
Gold:   1644       SH:  8    Dex: 21    Spells: 9/9 levels left

rFire    . . .     SeeInvis +   q - +12 quick blade of the Destroying Penguin {freeze, +Rage rElec}
rCold    . . .     Faith    .   n - +0 buckler
rNeg     . . .     Spirit   .   t - +1 troll leather armour
rPois    .         Reflect  .   (helmet restricted)
rElec    +         Harm     .   c - +0 cloak
rCorr    .         Rampage  .   (gloves unavailable)
Will     +....     NoTele   +   (boots unavailable)
Stlth    ..........             l - amulet of invisibility {+Inv}
HPRegen  1.23/turn              (no ring)
MPRegen  0.12/turn              (no ring)

@: berserking, gold aura, very slightly contaminated, invisible, very quick
A: very small, no large weapons, unfitting armour, see invisible, speed 3
a: Renounce Religion, Evoke Berserk Rage, Evoke Invisibility, Potion Petition,
Call Merchant, Bribe Branch


You were in the Dungeon.
You worshipped Gozag.
Gozag was most pleased with you.
You visited 1 branch You collected 2393 gold pieces.
You spent 749 gold pieces at shops.

Inventory:

Hand Weapons
 a - a +2 dagger
 p - a +0 hunting sling
 q - the +12 quick blade of the Destroying Penguin (weapon) {freeze, +Rage rElec}
   (You bought it in a shop in the Dungeon)

   It freezes those it strikes, dealing additional cold damage.
   It can also slow down cold-blooded creatures.
   rElec:     It insulates you from electricity.
   +Rage:     It lets you go berserk.
Missiles
 d - 8 poisoned darts (quivered)
 e - 2 curare-tipped darts
 m - 88 stones
Armour
 c - a +0 cloak (worn)
 n - a +0 buckler (worn)
 o - a +1 robe of the Archmagi
 t - a +1 troll leather armour (worn)
Jewellery
 l - the amulet of invisibility (around neck) {+Inv}
   (You found it in the Dungeon)

   [amulet of nothing]

   +Inv:      It lets you turn invisible.
 r - an amulet of regeneration
Scrolls
 k - a scroll of blinking
 s - a scroll of brand weapon
Potions
 f - a potion of curing
 h - 2 potions of haste
 i - 2 potions of magic
 j - a potion of berserk rage
Miscellaneous
 b - a box of beasts


   Skills:
 * Level 7.3 Fighting
 + Level 7.3 Short Blades
 + Level 5.2 Throwing
 * Level 1.8 Armour
 * Level 11.3 Dodging
 * Level 24.2 Stealth
 * Level 5.6 Shields
 * Level 13.1 Evocations


You had 9 spell levels left.
You didn't know any spells.
Your spell library contained the following spells:

 Spells                   Type           Power      Damage    Failure   Level
 Sting                    Tmut/Pois      0%         1d3       50%         1
 Poisonous Vapours        Pois/Air       0%         N/A       63%         2
 Olgreb's Toxic Radiance  Pois           0%         N/A       99%         4


Dungeon Overview and Level Annotations

Branches:
Dungeon (1/1)

Altars:
Cheibriados
Dithmenos
Elyvilon
Gozag
Hepliaklqana
Kikubaaqudgha
Makhleb
Nemelex Xobeh
Okawaru
Qazlal
Ru
Sif Muna
Trog
Uskayaw
Vehumet
Wu Jian
Xom
Yredelemnul
Zin
The Shining One
Beogh
Jiyva
Lugonu

Shops:
D [*!(:((


Innate Abilities, Weirdness & Mutations

You are very small and have problems with some larger weapons.
You are too small for most types of armour.
You have supernaturally acute eyesight. (SInv)
You cover ground extremely quickly. (Speed+++)


Message History

Agnes is moderately wounded.
The spriggan berserker misses you. You block Agnes's attack.
You puncture Agnes! You freeze Agnes.
Agnes is heavily wounded.
You puncture Agnes! You freeze Agnes.
Agnes is severely wounded.
You puncture Agnes! You freeze Agnes.
Agnes is almost dead.
You block Agnes's attack.
You block the spriggan berserker's attack.
You impale Agnes!! You freeze Agnes!
You kill Agnes!
Your Fighting skill increases to level 7!
Your Short Blades skill increases to level 7!
Your Armour skill increases to level 1!
Your Dodging skill increases to level 11!
Your Stealth skill increases to level 24!
Your Evocations skill increases to level 13!
You puncture the spriggan berserker! You freeze the spriggan berserker.
The spriggan berserker is lightly wounded.
You hit the spriggan berserker. You freeze the spriggan berserker.
The spriggan berserker is lightly wounded.
The spriggan berserker completely misses you.
You puncture the spriggan berserker! You freeze the spriggan berserker.
The spriggan berserker is moderately wounded.
You puncture the spriggan berserker! You freeze the spriggan berserker.
The spriggan berserker is heavily wounded.
You hit the spriggan berserker. You freeze the spriggan berserker.
The spriggan berserker is heavily wounded.
The spriggan berserker hits you with a +0 quarterstaff!!
* * * LOW HITPOINT WARNING * * *
You puncture the spriggan berserker! You freeze the spriggan berserker.
The spriggan berserker is severely wounded.
You miss the spriggan berserker.
The spriggan berserker is severely wounded.
You closely miss the spriggan berserker.
The spriggan berserker is severely wounded.
The spriggan berserker hits you with a +0 quarterstaff!!
You die...
Your body crumbles into a pile of gold.

#..._._._._...#..###'##.).##∩#..#
#.._._._._._..#..##∩∩.'...#####..
#._._._._._.⌠.#################..
###################......###)....
#♣♣♣♣♣..♣.###.'..'.....|.'.')..♣.
......♣.)♣##..#..#.P.....########
♣..♣♣♣.♣..###.##'##.P....#
.♣♣..♣...♣'...#♣.♣######## #
#############i@...# #..♣$.♣....#
#...♣......♣.. ......♣.....∩.
###############


You could see a spriggan berserker (berserk, regenerating, strong-willed).

Vanquished Creatures
  Agnes (D)
  A spriggan druid (D)
  6 oklob plants (D)
  A demonic crawler (D)
  3 burning bushes (D)
  3 wandering mushrooms (D)
  A hornet (D)
  A queen bee (D)
  3 scorpions (D)
  4 killer bees (D)
  5 oklob saplings (D)
  5 spriggans (D)
  A river rat (D)
  A rat (D)
  A ballistomycete spore (D)
37 creatures vanquished.

Vanquished Creatures (others)
  2 fungi (D)
2 creatures vanquished.

Grand Total: 39 creatures vanquished

Notes
Turn   | Place    | Note
-------+----------+-------------------------------------------
     0 | D        | styxcanada the Spriggan Brigand began the quest for the
                  | Orb.
     0 | D        | Reached XP level 1. HP: 10/10 MP: 2/2
    24 | D        | Reached skill level 7 in Stealth
    24 | D        | Reached XP level 2. HP: 11/15 MP: 3/3
   109 | D        | Noticed an oklob sapling
   111 | D        | Killed an oklob sapling
   112 | D        | Reached skill level 9 in Stealth
   112 | D        | Reached XP level 3. HP: 18/18 MP: 4/4
   113 | D        | Noticed a scorpion
   113 | D        | Found the amulet of invisibility {+Inv}
   115 | D        | Killed a scorpion
   116 | D        | Reached skill level 11 in Stealth
   116 | D        | Reached XP level 4. HP: 23/23 MP: 5/5
   136 | D        | Found an opulent altar of Gozag.
   136 | D        | Found a hazy altar of Hepliaklqana.
   136 | D        | Found a burning altar of Makhleb.
   136 | D        | Found a sparkling altar of Nemelex Xobeh.
   136 | D        | Found a snail-covered altar of Cheibriados.
   136 | D        | Found a sacrificial altar of Ru.
   136 | D        | Found a shimmering blue altar of Sif Muna.
   136 | D        | Found a shimmering altar of Xom.
   136 | D        | Found a basalt altar of Yredelemnul.
   137 | D        | Found a viscous altar of Jiyva.
   137 | D        | Found a bloodstained altar of Trog.
   137 | D        | Found an ornate altar of the Wu Jian Council.
   138 | D        | Found an iron altar of Okawaru.
   138 | D        | Found a shadowy altar of Dithmenos.
   138 | D        | Found a glowing silver altar of Zin.
   139 | D        | Found an ancient bone altar of Kikubaaqudgha.
   139 | D        | Found a hide-covered altar of Uskayaw.
   140 | D        | Found a stormy altar of Qazlal.
   140 | D        | Found a white marble altar of Elyvilon.
   140 | D        | Found a glowing golden altar of the Shining One.
   141 | D        | Became a worshipper of Gozag Ym Sagoz the Greedy
   142 | D        | Found a corrupted altar of Lugonu.
   142 | D        | Found a radiant altar of Vehumet.
   146 | D        | Reached skill level 13 in Stealth
   146 | D        | Reached skill level 1 in Evocations
   146 | D        | Reached XP level 5. HP: 28/28 MP: 3/6
   196 | D        | Reached skill level 5 in Dodging
   196 | D        | Reached skill level 14 in Stealth
   199 | D        | Reached skill level 15 in Stealth
   199 | D        | Reached XP level 6. HP: 33/33 MP: 5/7
   241 | D        | Found Tif Noidd's General Store.
   242 | D        | Found Esill's Armour Emporium.
   247 | D        | Bought a +1 robe of the Archmagi for 327 gold pieces
   248 | D        | Bought a scroll of identify for 22 gold pieces
   275 | D        | Noticed a burning bush
   275 | D        | Noticed a wandering mushroom
   276 | D        | Noticed a wandering mushroom
   279 | D        | Killed a burning bush
   280 | D        | Reached skill level 16 in Stealth
   280 | D        | Reached skill level 1 in Shields
   280 | D        | Killed a wandering mushroom
   281 | D        | Reached skill level 17 in Stealth
   281 | D        | Reached skill level 5 in Evocations
   281 | D        | Reached XP level 7. HP: 38/38 MP: 5/8
   281 | D        | Killed a wandering mushroom
   282 | D        | Reached skill level 18 in Stealth
   284 | D        | Reached XP level 8. HP: 42/42 MP: 5/9
   296 | D        | Found Omovixko's Antique Weapon Shoppe.
   297 | D        | Found Rivijoq's Book Emporium.
   367 | D        | Noticed a queen bee
   374 | D        | Killed a queen bee
   375 | D        | Reached skill level 5 in Fighting
   375 | D        | Reached skill level 19 in Stealth
   376 | D        | Reached skill level 5 in Throwing
   444 | D        | Bought a bone quick blade for 400 gold pieces
   444 | D        | Identified the +12 quick blade of the Destroying Penguin
                  | {freeze, +Rage rElec} (You bought it in a shop in the
                  | Dungeon)
   489 | D        | Noticed an oklob plant
   495 | D        | Killed an oklob plant
   496 | D        | Reached skill level 5 in Short Blades
   496 | D        | Reached skill level 20 in Stealth
   553 | D        | Noticed a burning bush
   571 | D        | Killed a burning bush
   572 | D        | Reached XP level 9. HP: 33/47 MP: 8/10
   670 | D        | Noticed a burning bush
   670 | D        | Noticed an oklob plant
   671 | D        | Noticed a wandering mushroom
   680 | D        | Killed a burning bush
   681 | D        | Reached skill level 21 in Stealth
   684 | D        | Killed a wandering mushroom
   689 | D        | Killed an oklob plant
   763 | D        | Noticed a spriggan druid
   770 | D        | Killed a spriggan druid
   771 | D        | Reached skill level 22 in Stealth
   771 | D        | Reached skill level 10 in Evocations
   885 | D        | Noticed an oklob plant conjurer
   886 | D        | Killed an oklob plant conjurer
   887 | D        | Reached skill level 10 in Dodging
   955 | D        | Noticed an oklob plant
   955 | D        | Noticed an oklob plant summoner
   956 | D        | Noticed an oklob plant shifter
   960 | D        | Killed an oklob plant
   961 | D        | Reached XP level 10. HP: 53/53 MP: 8/11
   963 | D        | Killed an oklob plant summoner
   964 | D        | Reached skill level 23 in Stealth
   965 | D        | Killed an oklob plant shifter
   966 | D        | Reached skill level 5 in Shields
  1025 | D        | Noticed a spriggan rider
  1026 | D        | Found Tuix's Weapon Emporium.
  1057 | D        | Found Xuotiny's Antique Weapon Shoppe.
  1287 | D        | Noticed Agnes
  1289 | D        | Found Olatekhe's Distillery.
  1289 | D        | Noticed a spriggan berserker
  1306 | D        | Killed Agnes
  1307 | D        | Reached skill level 1 in Armour
  1307 | D        | Reached skill level 24 in Stealth
  1311 | D        | HP: 1/82 [spriggan berserker (34)]
  1314 | D        | Annihilated by a spriggan berserker

Illustrated notes

Levels and vault maps discovered:
D:        dungeon_sprint_fedhas [sprint_temple]

Skill      XL: |  1  2  3  4  5  6  7  8  9 10 |
---------------+-------------------------------+-----
Dodging        | 2 3 4 5 7 8 10 11 | 11.3
Stealth        | 7 9 11 13 15 17 18 20 22 24 | 24.2
Fighting       | 2 3 4 5 6 7 |  7.3
Short Blades   | 3 4 5 6 7 |  7.3
Throwing       | 3 4 5 |  5.2
Evocations     | 1 3 5 6 8 10 13 | 13.1
Shields        | 2 3 4 5 |  5.6
Armour         | 1 |  1.8

Action                   |  1- 3 |  4- 6 |  7- 9 | 10-12 || total
-------------------------+-------+-------+-------+-------++-------
Melee: Dagger            |    14 |     7 |     8 |       ||    29
       Quick blade       |       |       |    41 |    47 ||    88
Throw: Dart              |     8 |       |       |       ||     8
 Abil: Evoke Invisibilit |       |     3 |     7 |     2 ||    12
       Evoke Berserk Rag |       |       |       |     2 ||     2
  Use: Scroll            |       |       |     1 |       ||     1
       Potion            |       |       |       |     1 ||     1
 Stab: Sleeping          |     2 |     7 |    13 |     3 ||    25
       Invisible         |       |       |     2 |       ||     2
Dodge: Dodged            |     4 |       |     3 |    14 ||    21
Block: Buckler           |       |       |     2 |     8 ||    10
